 Dungeon Crawl Stone Soup version 0.28-a0-998-gb9e9c7b67e (webtiles) character file.

Game seed: 15255935299731369818

1120 vurker the Zephyrmancer (level 8, -8/38 HPs)
             Began as a Felid Air Elementalist on Dec 5, 2021.
             Was a Follower of Vehumet.
             Mangled by Maggie (13 damage)
             ... on level 9 of the Dungeon.
             The game lasted 00:12:43 (11680 turns).

vurker the Zephyrmancer (Felid Air Elementalist)   Turns: 11680, Time: 00:12:43

Health: -8/38      AC:  2    Str:  4    XL:     8   Next: 12%
Magic:  0/21       EV: 17    Int: 21    God:    Vehumet [*.....]
Gold:   539        SH:  0    Dex: 17    Spells: 19/24 levels left
                                        Lives:  0   Deaths: 2

rFire   + . .      SeeInvis +   (weapon unavailable)
rCold   . . .      Faith    .   (shield unavailable)
rNeg    + . .      Spirit   .   (armour unavailable)
rPois   .          Reflect  .   (helmet unavailable)
rElec   +          Harm     .   (cloak unavailable)
rCorr   .          Rampage  .   (gloves unavailable)
Will    +....                   (boots unavailable)
Stlth   +.........              l - amulet of regeneration
HPRegen 0.92/turn               b - ring "Meoton" {rElec rF+ rN+ Stlth-}
MPRegen 0.17/turn               n - ring of wizardry

@: mesmerised, hasted, very quick
A: very small, claws 1, fangs 3, see invisible, speed 1, shaggy fur 2, stealthy
paws, no weapons or thrown items, no armour, multi-lived
a: Renounce Religion


You were on level 9 of the Dungeon.
You worshipped Vehumet.
Vehumet was aware of your devotion.
You visited 2 branches of the dungeon, and saw 10 of its levels.

You collected 539 gold pieces.

Inventory:

Jewellery
 b - the ring "Meoton" (left paw) {rElec rF+ rN+ Stlth-}
   (You acquired it on level 5 of the Dungeon)

   [ring of protection from fire]

   rF:        It protects you from fire.
   rElec:     It insulates you from electricity.
   rN:        It protects you from negative energy.
   Stlth:     It makes you less stealthy.
 l - an amulet of regeneration (around neck)
   (You found it on level 3 of the Dungeon)
 n - a ring of wizardry (right paw)
   (You took it off an orc on level 5 of the Dungeon)
 o - an amulet of guardian spirit
   (You found it on level 8 of the Dungeon)
 p - a ring of protection from fire
   (You found it on level 5 of the Dungeon)
 q - a ring of fire
   (You found it on level 7 of the Dungeon)
Wands
 j - a wand of polymorph (10)
   (You found it on level 8 of the Dungeon)
 v - a wand of digging (1)
   (You found it on level 3 of the Dungeon)
Scrolls
 c - 2 scrolls of teleportation
 h - a scroll of blinking
 r - a scroll of enchant armour {unknown}
Potions
 a - 4 potions of flight
 d - a potion of resistance
 e - a potion of heal wounds
 f - a potion of degeneration {unknown}
 i - a potion of curing
 k - a potion of ambrosia
 m - a potion of mutation {unknown}


   Skills:
 + Level 6.2 Fighting
 - Level 2.6 Dodging
 - Level 2.6 Stealth
 * Level 8.6 Spellcasting
 - Level 3.0 Conjurations
 * Level 8.7 Air Magic


You had 19 spell levels left.
You knew the following spells:

 Your Spells              Type           Power      Damage    Failure   Level
a - Shock                 Conj/Air       100%       1d9       1%          1
c - Airstrike             Air            22%        N/A       1%          4

Your spell library contained the following spells:

 Spells                   Type           Power      Damage    Failure   Level
 Sandblast                Erth           18%        2d7       3%          1
 Static Discharge         Conj/Air       33%        N/A       1%          2
 Swiftness                Air            45%        N/A       1%          3
 Beastly Appendage        Tmut           18%        N/A       3%          1
 Freeze                   Ice            36%        1d6       3%          1
 Summon Small Mammal      Summ           36%        N/A       3%          1
 Wereblood                Tmut           9%         N/A       4%          2
 Call Canine Familiar     Summ           9%         N/A       9%          3
 Frozen Ramparts          Ice            18%        1d3       9%          3
 Spider Form              Tmut/Pois      9%         N/A       9%          3
 Summon Guardian Golem    Hex/Summ       9%         N/A       9%          3
 Hailstorm                Conj/Ice       15%        3d5       16%         4
 Freezing Cloud           Conj/Ice/Air   12%        6-21      16%         5
 Simulacrum               Ice/Necr       4%         N/A       98%         6
 Orb of Destruction       Conj           10%        9d5       99%         7
 Spellforged Servitor     Conj/Summ      7%         N/A       100%        7
 Polar Vortex             Ice            4%         N/A       100%        9


Dungeon Overview and Level Annotations

Branches:
Dungeon (9/15)             Temple (1/1) D:6             Orc (0/2) D:9
   Lair: D:8-11

Altars:
Ashenzari
Gozag
Hepliaklqana
Kikubaaqudgha
Makhleb
Nemelex Xobeh
Okawaru
Qazlal
Ru
Sif Muna
Trog
Uskayaw
Vehumet
Wu Jian
Xom
Yredelemnul
Zin

Shops:
D:1 *   D:6 (

Annotations:
D:9 Maggie


Innate Abilities, Weirdness & Mutations

You have sharp claws.
You have razor-sharp teeth.
You have supernaturally acute eyesight. (SInv)
You cover ground quickly. (Speed+)
You are covered in thick fur. (AC +2)
Your paws help you pounce on unaware monsters.
You are incapable of wielding weapons or throwing items.
You cannot wear armour.
You gain extra lives every three experience levels.


Message History

Aim: Maggie, wielding a +3 morningstar of protection, wearing +1 steam dragon scales and carrying a wand of acid (1) (heavily wounded, mesmerising, spells empowered, empty space bonus: 2/8)
The air twists around and strikes Maggie.
Aim: Maggie, wielding a +3 morningstar of protection, wearing +1 steam dragon scales and carrying a wand of acid (1) (heavily wounded, mesmerising, spells empowered, empty space bonus: 2/8)
The air twists around and strikes Maggie!
Maggie zaps a wand.
The bolt of acid misses you.
The now-empty wand crumbles to dust.
Aim: Maggie, wielding a +3 morningstar of protection and wearing +1 steam dragon scales (heavily wounded, mesmerising, spells empowered, empty space bonus: 2/8)
The air twists around and strikes Maggie.
Maggie hits you with a +3 morningstar of protection!
You don't have enough magic to cast this spell.
You don't have enough magic to cast this spell.
Aim: Maggie, wielding a +3 morningstar of protection and wearing +1 steam dragon scales (severely wounded, mesmerising, spells empowered, 74% to hit)
The zap hits Maggie.
Maggie gestures wildly while chanting.
Maggie draws you further into her thrall.
Aim: Maggie, wielding a +3 morningstar of protection and wearing +1 steam dragon scales (severely wounded, mesmerising, spells empowered, 74% to hit)
The zap misses Maggie.
Maggie mumbles some strange words.
Maggie draws you further into her thrall.
You don't have enough magic to cast this spell.
You don't have enough magic to cast this spell.
Okay, then.
You feel yourself speed up. Maggie casts a spell at you.
The bolt of fire misses you.
You scratch Maggie but do no damage. You scratch Maggie but do no damage.
You bite Maggie. Maggie casts a spell at you. The bolt of fire hits you!!
You resist.
* * * LOW HITPOINT WARNING * * *
You feel much better.
Maggie casts a spell.
Maggie draws you further into her thrall.
You scratch Maggie but do no damage. You barely miss Maggie. You bite Maggie.
Maggie casts a spell at you. The bolt of fire hits you! You resist.
* * * LOW HITPOINT WARNING * * *
The zap hits Maggie.
The zap hits Maggie but does no damage.
Maggie misses you.
Unknown command.
You closely miss Maggie. You scratch Maggie but do no damage.
Maggie points at you and mumbles some strange words.
The bolt of fire hits you!! You resist.
* * * LOW HITPOINT WARNING * * *
You scratch Maggie but do no damage. Maggie misses you.
You scratch Maggie but do no damage. You scratch Maggie but do no damage.
Maggie seems less brilliant.
Maggie hits you with a +3 morningstar of protection!
You die... #### ##..# #.@.# #@#.# ### ##### #[#.# #.. #...###[#.# 'o8o #.8@'.#)#.# oo#

##รท..#.(.#.#
#'###)######)#.#
#..)## ###[#.#
#.>)# #...#.#


You could see Maggie (mesmerising).

Vanquished Creatures
  Harold (D:7)
  Prince Ribbit (D:5)
  A wyvern (D:4)
  2 water moccasins
  A hornet zombie (D:6)
  2 sky beasts (D:6)
  2 ogres
  A black bear (D:6)
  An orc warrior (D:7)
  2 necrophages
  A centaur (D:9)
  2 phantoms
  2 kobold brigands
  Blork the orc (D:5)
  3 bullfrogs
  A wyvern zombie (D:8)
  3 scorpions
  A water moccasin skeleton (D:7)
  10 howler monkeys
  A bullfrog zombie (D:4)
  4 hounds
  A jelly (D:4)
  3 bullfrog skeletons (D:6)
  6 orc priests
  A centaur skeleton (D:6)
  An iguana (D:5)
  5 orc wizards
  A killer bee zombie (D:8)
  2 hound zombies (D:4)
  2 hound skeletons (D:4)
  2 gnolls (D:4)
  8 adders
  A white imp (D:6)
  2 adder zombies
  3 adder skeletons
  50 orcs
  3 bats
  7 endoplasms
  2 giant cockroaches
  7 goblins
  4 hobgoblins
  7 jackals
  17 kobolds
  3 ball pythons
  2 frilled lizards (D:3)
  A jackal skeleton (D:4)
  3 rats
187 creatures vanquished.

Vanquished Creatures (others)
  7 fungi
  2 plants (D:9)
9 creatures vanquished.

Grand Total: 196 creatures vanquished

Notes
Turn   | Place    | Note
-------+----------+-------------------------------------------
     0 | D:1      | vurker the Felid Air Elementalist began the quest for the
                  | Orb.
     0 | D:1      | Reached XP level 1. HP: 7/7 MP: 4/4
   166 | D:1      | Found Nuoqetwa's Assorted Antiques.
   205 | D:1      | Reached skill level 1 in Conjurations
   436 | D:1      | Found a faded altar of an unknown god.
   511 | D:1      | Reached XP level 2. HP: 9/12 MP: 0/6
  1403 | D:2      | Reached skill level 1 in Fighting
  1403 | D:2      | Reached XP level 3. HP: 14/15 MP: 1/7
  2612 | D:3      | Found a glowing silver altar of Zin.
  2741 | D:3      | Found an opulent altar of Gozag.
  2919 | D:4      | Noticed an ogre
  2961 | D:3      | Killed an ogre
  2962 | D:3      | Reached XP level 4. HP: 19/19 MP: 3/9
  2962 | D:3      | Reached XP level 5. HP: 22/22 MP: 3/10
  3061 | D:4      | Noticed a wyvern
  3072 | D:4      | Killed a wyvern
  3073 | D:4      | Gained mutation: You are covered in thick fur. (AC +2)
                  | [Felid growth]
  3073 | D:4      | Reached XP level 6. HP: 26/26 MP: 4/12
  3733 | D:4      | Reached XP level 7. HP: 30/30 MP: 7/14
  3954 | D:4      | Found an ancient bone altar of Kikubaaqudgha.
  4100 | D:4      | Found an ornate altar of the Wu Jian Council.
  4405 | D:4      | Reached skill level 5 in Air Magic
  4478 | D:4      | Found a broken altar of Ashenzari.
  4829 | D:4      | Found an iron altar of Okawaru.
  5038 | D:5      | Entered Level 5 of the Dungeon
  5120 | D:5      | Learned a level 4 spell: Airstrike
  5122 | D:5      | Identified a scroll of acquirement
  5122 | D:5      | Acquired the ring "Meoton" {rElec rF+ rN+ Stlth-}
  5256 | D:5      | Reached skill level 5 in Spellcasting
  5611 | D:5      | Noticed Prince Ribbit
  5647 | D:4      | Reached XP level 8. HP: 34/34 MP: 6/17
  5787 | D:5      | Killed Prince Ribbit
  6244 | D:6      | Found a staircase to the Ecumenical Temple.
  6479 | D:6      | Noticed Blork the orc
  6488 | D:5      | Killed Blork the orc
  7207 | D:6      | Found Vedex's Weapon Emporium.
  7249 | D:6      | Reached XP level 9. HP: 11/39 MP: 2/20
  7548 | Temple   | Entered the Ecumenical Temple
  7740 | Temple   | Became a worshipper of Vehumet
  8129 | D:6      | Reached skill level 5 in Fighting
  8977 | D:7      | Noticed Harold
  9530 | D:7      | Killed Harold
  9998 | D:8      | Reached * piety under Vehumet
  9998 | D:8      | Offered knowledge of Sandblast by Vehumet.
 10986 | D:8      | Reached XP level 10. HP: 45/45 MP: 15/23
 11299 | D:9      | Found a staircase to the Orcish Mines.
 11335 | D:9      | HP: 2/45 [centaur/arrow (13)]
 11335 | D:9      | Shot with an arrow by a centaur
 11336 | D:9      | Reached XP level 9. HP: -13/41 MP: 10/22
 11535 | D:9      | Noticed Maggie
 11660 | D:9      | Killed from afar by Maggie
 11661 | D:9      | Reached XP level 8. HP: -1/38 MP: 21/21
 11680 | D:9      | Mangled by Maggie

Illustrated notes

Levels and vault maps discovered:
D:1:      dpeg_arrival_stone_temple_mockup, layout_basic, serial_shops, shop,
          shapermc_ecumenical_altar_ellora
D:2:      layout_loops_cross, serial_co_window_serial, co_window_corner_a,
          co_window_cross_1, co_window_paths_b, co_window_corner_a,
          co_window_paths_a, co_window_unsneaky_path_a,
          co_window_of_opportunity_b, co_window_unsneaky_path_c,
          co_window_broadway_a, co_window_of_opportunity_c,
          co_window_of_opportunity_c, co_window_broadway_a, co_window_4corner_a,
          co_window_paths_e, glass_columns_a, glass_columns_c, glass_columns_a,
          glass_columns_c, glass_columns_b
D:3:      layout_basic, pdpol_temple_overflow_zin_treasury_gozag_greed
D:4:      minmay_general_purpose_star, layout_loops_corners,
          kiku_gazebo_pond_becter, nicolae_ashenzari_skybound,
          amcnicky_altar_gilded, okawaru_altar_gauntlet_db, serial_undead,
          serial_undead_d, serial_undead_b, serial_undead_c, serial_undead_a,
          corexii_item_surrounded_by_moat
D:5:      layout_basic, uniq_prince_ribbit1
D:6:      layout_loops_ring, nicolae_overflow_hidden_temple,
          minmay_temple_entry_mist, serial_shops, nicolae_shop_behind_doors,
          nicolae_underground_beach, uniq_blork_the_orc
D:7:      layout_basic, uniq_harold
D:8:      layout_basic
D:9:      layout_rooms, fedhas_altar_3, nicolae_tso_carved_into_rock,
          hiddenorc2_lemuel, uniq_maggie
Temple:   minmay_temple_curvy_loop

Skill      XL: |  1  2  3  4  5  6  7  8  9 |
---------------+----------------------------+-----
Conjurations   | 1 2 3 |  3.0
Air Magic      | 3 4 5 7 8 |  8.7
Fighting       | 1 2 3 4 6 |  6.2
Spellcasting   | 3 4 5 6 8 |  8.6
Dodging        | |  2.6
Stealth        | |  2.6

Action                   |  1- 3 |  4- 6 |  7- 9 | 10-12 || total
-------------------------+-------+-------+-------+-------++-------
Melee: Unarmed           |     5 |       |    11 |       ||    16
       Bite              |     1 |       |     2 |       ||     3
 Cast: Shock             |    90 |    54 |   232 |    22 ||   398
       Airstrike         |       |       |   107 |     1 ||   108
  Use: Scroll            |       |       |    14 |       ||    14
       Potion            |       |       |     2 |       ||     2
Armor: Skin              |       |     1 |     5 |     1 ||     7
Dodge: Dodged            |    17 |    26 |    97 |     5 ||   145

Table legend: (Time is in decaauts)
 A = Elapsed time spent in this place.
 B = Non-inter-level travel time spent in this place.
 C = Inter-level travel time spent in this place.
 D = Time resting spent in this place.
 E = Time spent auto-exploring this place.
 F = Levels seen in this place.
 G = Mean time per level.
                   A        B        C        D        E       F      G
               +--------+--------+--------+--------+--------+-----+--------+
         Total |  10475 |  10029 |    446 |   1147 |   7671 |  10 | 1047.5 |
       Dungeon |  10258 |   9833 |    425 |   1147 |   7483 |   9 | 1139.8 |
        Temple |    217 |    196 |     21 |      0 |    187 |   1 |  217.0 |
               +--------+--------+--------+--------+--------+-----+--------+

Top non-repeatable levels by time:
     D:6: 2060 daAuts
     D:4: 1854 daAuts
     D:5: 1357 daAuts
     D:2: 1171 daAuts
     D:8: 1163 daAuts
     D:3: 817 daAuts
     D:7: 768 daAuts
     D:1: 734 daAuts
     D:9: 329 daAuts
  Temple: 217 daAuts
